 Dungeon Crawl Stone Soup version 0.22.1-1-ga44c0e5 (webtiles) character file.

38174 Loudmushroom the Cleaver (level 14, -5/88 HPs)
             Began as a Gargoyle Fighter on Sept 19, 2018.
             Was the Champion of Okawaru.
             Splashed by an oklob plant's acid (11 damage)
             ... on level 5 of the Lair of Beasts on Sept 20, 2018.
             The game lasted 02:15:50 (21682 turns).

Loudmushroom the Cleaver (Gargoyle Fighter)        Turns: 21682, Time: 02:15:51

Health: -5/88      AC: 17    Str: 27    XL:     14   Next: 1%
Magic:  20/20      EV:  7    Int:  9    God:    Okawaru [******]
Gold:   839        SH: 12    Dex: 10    Spells: 13/13 levels left

rFire    + + .     SeeInvis .   a - +6 broad axe of Theory {holy, MR++}
rCold    + . .     Gourm    .   q - +0 shield
rNeg     + . .     Faith    +   N - +0 plate armour
rPois    ∞         Spirit   .   o - +1 helmet
rElec    +         Reflect  .   C - scarf {rC+ rF+}
rCorr    .         Harm     .   X - +2 pair of gloves {archery}
MR       +++..                  x - +1 pair of boots
Stlth    ..........             J - amulet of faith
HPRegen  0.24/turn              s - +3 ring of strength
MPRegen  0.17/turn              g - ring of protection from fire

@: corroded
A: big wings, negative energy resistance 1, electricity resistance, unbreathing,
petrification resistance, rot immunity, AC +10
a: Fly, Heroism, Finesse, Renounce Religion


You were on level 5 of the Lair of Beasts.
You worshipped Okawaru.
Okawaru was exalted by your worship.
You were hungry.

You visited 3 branches of the dungeon, and saw 17 of its levels.
You also visited: Ossuary.

You collected 839 gold pieces.

Inventory:

Hand Weapons
 a - the +6 broad axe of Theory (weapon) {holy, MR++}
   (You acquired it on level 5 of the Lair of Beasts)

   It has been blessed by the Shining One to cause great damage to the undead
   and demons.
   It affects your resistance to hostile enchantments.
 b - a +2 hunting sling of flaming
 c - a +0 morningstar
 G - a +1 broad axe of freezing
 U - the +1 broad axe of Crystal {holy, Str+4 Int+2 Dex+4}
   (Okawaru gifted it to you on level 4 of the Lair of Beasts)

   It has been blessed by the Shining One to cause great damage to the undead
   and demons.
   It affects your strength (+4).
   It affects your intelligence (+2).
   It affects your dexterity (+4).
Missiles
 h - 350 stones
 v - 115 bolts
 y - 7 needles of confusion
 H - 8 javelins (quivered)
 O - 90 sling bullets
 Z - 8 javelins of returning
Armour
 o - a +1 helmet (worn)
 q - a +0 shield (worn)
 x - a +1 pair of boots (worn)
 C - a scarf of resistance (worn)
 I - a +2 cloak
 N - a +0 plate armour (worn)
 W - a +2 scale mail of cold resistance
 X - a +2 pair of gloves of archery (worn)
Jewellery
 e - an uncursed ring of flight
 g - a ring of protection from fire (right hand)
 s - a +3 ring of strength (left hand)
 E - an uncursed ring of ice
 F - an uncursed ring of see invisible
 J - an amulet of faith (around neck)
 K - an uncursed ring of fire
Wands
 z - a wand of iceblast (19)
 T - a wand of acid (5)
 Y - a wand of flame (32)
Scrolls
 i - 6 scrolls of identify
 m - 10 scrolls of teleportation
 r - 2 scrolls of blinking
 B - 4 scrolls of remove curse
 D - 2 scrolls of magic mapping
 V - 2 scrolls of amnesia
Potions
 d - 3 potions of might
 j - 3 potions of haste
 l - 3 potions of resistance
 p - 6 potions of mutation
 t - 5 potions of heal wounds
 u - 7 potions of curing
 w - 2 potions of agility
 A - 3 potions of lignification
 S - a potion of flight
Miscellaneous
 M - a fan of gales
 Q - a sack of spiders
Comestibles
 f - 27 rations


   Skills:
 + Level 10.9 Fighting
 * Level 12.2 Axes
 + Level 10.9 Armour
 + Level 10.9 Shields
 + Level 8.7 Invocations
 + Level 7.1 Evocations


You had 13 spell levels left.
You didn't know any spells.
Your spell library contained the following spells:

 Spells                   Type           Power        Failure   Level  Hunger
 Animate Skeleton         Necr           N/A          99%         1    ##.....
 Apportation              Tloc           #.....       99%         1    ##.....
 Confusing Touch          Hex            #.....       99%         1    ##.....
 Sandblast                Erth           #.....       99%         1    ##.....
 Summon Small Mammal      Summ           #...         99%         1    ##.....
 Passwall                 Tmut/Erth      #.......     100%        2    ###....
 Swiftness                Chrm/Air       #.......     100%        2    ###....
 Stone Arrow              Conj/Erth      #.....       100%        3    ####...
 Cause Fear               Hex            #.........   100%        4    #####..
 Passage of Golubria      Tloc           N/A          100%        4    #####..
 Petrify                  Tmut/Erth      #.......     100%        4    #####..
 Bolt of Magma            Conj/Fire/Erth #.........   100%        5    ######.
 Iskenderun's Battlesphe  Conj/Chrm      #.......     100%        5    ######.
 Lee's Rapid Deconstruct  Erth           #.........   100%        5    ######.
 Silence                  Hex/Air        #.........   100%        5    ######.
 Venom Bolt               Conj/Pois      #.........   100%        5    ######.
 Yara's Violent Unravell  Hex/Tmut       #.........   100%        5    ######.
 Darkness                 Hex            #.........   100%        6    #######
 Deflect Missiles         Chrm/Air       #.........   100%        6    #######
 Invisibility             Hex            #.......     100%        6    #######
 Iron Shot                Conj/Erth      #.........   100%        6    #######
 Orb of Destruction       Conj           #.........   100%        7    #######
 Spellforged Servitor     Conj/Summ      #.........   100%        7    #######
 Discord                  Hex            #.........   100%        8    #######


Dungeon Overview and Level Annotations

Branches:
Dungeon (11/15)            Temple (1/1) D:6            Lair (5/6) D:11
 Shoals (0/4) Lair:2       Spider (0/4) Lair:3
  Slime: Lair:5-6       Orc: D:9-12

Altars:
Ashenzari
Cheibriados
Dithmenos
Elyvilon
Gozag
Hepliaklqana
Makhleb
Nemelex Xobeh
Okawaru
Qazlal
Ru
Sif Muna
Trog
Uskayaw
Vehumet
Wu Jian
Xom
Yredelemnul
Zin
The Shining One

Shops:
D:6 [   D:7 ??%*   D:11 !

Annotations:
Lair:5 exclusion: 2 oklob plants


Innate Abilities, Weirdness & Mutations

You are resistant to torment.
Your stone body is resilient. (AC +10)
You are immune to poison.
Your large and strong wings let you fly indefinitely.
You resist negative energy. (rN+)
You are resistant to electric shocks. (rElec)
You can survive without breathing.
You are immune to petrification.
You are immune to rotting.


Message History

You hit the plant but do no damage. You slice the oklob plant!!
The oklob plant spits acid at you. The splash of acid hits you!
You are splashed with acid!
The acid burns!
The oklob plant spits acid at you. The splash of acid hits you!
The acid corrodes you!
You are splashed with acid!
The acid burns!
* * * LOW HITPOINT WARNING * * *
You hit the oklob plant but do no damage.
You hit the plant.
You hit the oklob plant but do no damage.
The oklob plant spits acid at you. The splash of acid hits you!
* * * LOW HITPOINT WARNING * * *
The acid corrodes you!
You are splashed with acid!
The acid burns!
* * * LOW HITPOINT WARNING * * *
The oklob plant spits acid at you. The splash of acid hits you!
* * * LOW HITPOINT WARNING * * *
You are splashed with acid!
The acid burns!
You die...

##........#
#.......##
##.......#
#.......#
##..†...##
#P.......#
##.......##
##..#####.P#
#....@P!#..#
#...PP[.#.##
#....P}[?#..
##...##### #
#P....
#.....
#.#... ####.


You could see 2 oklob plants.

Vanquished Creatures
  Rupert (Lair:4)
  4 hydras
  A death yak (Lair:4)
  The ghost of Haldmier the Insei, a novice DgTm (Lair:1)
  The ghost of CaptBugsquash the Spear-Bearer, a novice MfVM of Hepliaklqana (D:8)
  An unseen horror (D:11)
  An ugly thing (D:11)
  2 manticores
  A cyclops (D:10)
  2 black mambas
  A torpor snail (Lair:2)
  14 spiny frogs
  A kobold demonologist (D:8)
  5 rime drakes
  5 komodo dragons
  A troll (D:10)
  The ghost of whitewolfNL the Covert, an amateur GnAs (D:3)
  A hornet (D:11)
  11 blink frogs
  Grinder (D:4)
  7 dream sheep
  7 hippogriffs
  31 yaks
  A wyvern (D:11)
  2 basilisks
  3 wargs (D:11)
  A soldier ant (D:11)
  An acid dragon (D:11)
  6 water moccasins
  8 porcupines
  3 phantoms
  3 black bears
  3 ice beasts
  4 sky beasts
  An eye of draining (D:11)
  A necrophage (D:8)
  7 ogres
  2 centaurs
  19 wolves
  10 crocodiles
  4 elf zombies (Ossuary)
  8 big kobolds
  A wyvern zombie (D:8)
  8 bullfrogs
  A water moccasin zombie (D:8)
  3 scorpions
  7 killer bees
  10 wights (D:11)
  3 howler monkeys (D:10)
  5 crimson imps
  3 centaur zombies
  2 bullfrog zombies
  4 hounds
  A quasit (D:9)
  2 bullfrog skeletons
  4 jellies
  A human zombie (Ossuary)
  9 orc priests
  2 centaur skeletons
  9 orc wizards
  Jessica (D:3)
  Ijyb (D:3)
  6 iguanas
  6 worker ants
  A big kobold zombie (Ossuary)
  2 centaur simulacra (D:8)
  A hound zombie (D:11)
  A hound skeleton (D:5)
  3 mummies (Ossuary)
  2 howler monkey zombies
  Robin (D:2)
  2 worker ant zombies
  8 gnolls
  A howler monkey skeleton (D:7)
  10 adders
  2 shadow imps
  An ooze (D:3)
  3 adder zombies (Ossuary)
  2 worms
  4 dart slugs
  4 leopard geckos
  33 orcs
  A ball python (D:3)
  7 giant cockroaches
  2 gnoll zombies (Ossuary)
  17 goblins
  9 hobgoblins
  17 jackals
  22 kobolds
  4 bats
  5 frilled lizards
  6 goblin zombies (Ossuary)
  A hobgoblin zombie (Ossuary)
  A jackal skeleton (D:5)
  3 jackal zombies (Ossuary)
  2 kobold zombies (Ossuary)
  A leopard gecko skeleton (D:5)
  An orc zombie (Ossuary)
  2 quokka skeletons
  5 quokka zombies (Ossuary)
  6 rats
  5 rat zombies (Ossuary)
  A butterfly (Lair:2)
  3 fungi
  4 plants
483 creatures vanquished.

Vanquished Creatures (collateral kills)
  A wolf (Lair:2)
1 creature vanquished.

Vanquished Creatures (others)
  A bush (Lair:2)
  7 fungi
  7 plants
15 creatures vanquished.

Grand Total: 499 creatures vanquished

Notes
Turn   | Place    | Note
-------+----------+-------------------------------------------
     0 | D:1      | Loudmushroom the Gargoyle Fighter began the quest for the
                  | Orb.
     0 | D:1      | Reached XP level 1. HP: 14/14 MP: 1/1
    53 | D:1      | Reached skill level 2 in Axes
   184 | D:1      | Reached XP level 2. HP: 19/19 MP: 2/2
   299 | D:1      | Reached XP level 3. HP: 23/23 MP: 3/3
   606 | D:2      | Noticed Robin
   612 | D:2      | Killed Robin
   616 | D:2      | Reached XP level 4. HP: 13/29 MP: 4/4
   993 | D:2      | Found a bloodstained altar of Trog.
  1405 | D:2      | Reached skill level 3 in Axes
  1495 | D:3      | Found a faded altar of an unknown god.
  1499 | D:3      | Reached XP level 5. HP: 32/33 MP: 5/5
  1513 | D:3      | Found a shadowy altar of Dithmenos.
  1558 | D:3      | Noticed Ijyb
  1564 | D:3      | Killed Ijyb
  1756 | D:3      | Found a runed door.
  1761 | D:3      | Noticed whitewolfNL's ghost (amateur GnAs)
  1798 | D:3      | Noticed Jessica
  1814 | D:3      | Killed whitewolfNL's ghost
  1814 | D:3      | Reached skill level 4 in Axes
  1814 | D:3      | Reached XP level 6. HP: 31/39 MP: 6/6
  1823 | D:3      | Killed Jessica
  2293 | D:3      | Reached XP level 7. HP: 42/44 MP: 7/7
  2846 | D:4      | Reached skill level 5 in Armour
  2938 | D:4      | Reached skill level 5 in Fighting
  2938 | D:4      | Reached skill level 5 in Shields
  2972 | D:4      | Noticed Grinder
  2983 | D:4      | Paralysed by Grinder for 7 turns
  2992 | D:4      | Paralysed by Grinder for 6 turns
  3004 | D:4      | Paralysed by Grinder for 4 turns
  3018 | D:4      | HP: 1/44 [Grinder (2)]
  3027 | D:4      | Paralysed by Grinder for 2 turns
  3029 | D:4      | Killed Grinder
  3029 | D:4      | Reached skill level 5 in Axes
  3400 | D:4      | Found a hide-covered altar of Uskayaw.
  3485 | D:4      | Reached XP level 8. HP: 50/50 MP: 8/8
  4387 | D:4      | You fall through a shaft!
  4387 | D:5      | Entered Level 5 of the Dungeon
  5084 | D:5      | Reached skill level 6 in Axes
  5165 | D:5      | Found a snail-covered altar of Cheibriados.
  5411 | D:5      | Found a glowing golden altar of the Shining One.
  5412 | D:5      | Found a deep blue altar of Sif Muna.
  5460 | D:5      | Found a shimmering altar of Xom.
  5798 | D:6      | Found a stormy altar of Qazlal.
  5887 | D:6      | Found Untitaicw's Antique Armour Shop.
  6089 | D:6      | Found a staircase to the Ecumenical Temple.
  6134 | D:6      | Found a sand-covered staircase.
  6142 | Ossuary  | Entered an ossuary
  6227 | Ossuary  | Reached XP level 9. HP: 55/55 MP: 9/9
  6442 | Ossuary  | Reached skill level 7 in Axes
  6727 | D:6      | Found a sparkling altar of Nemelex Xobeh.
  6885 | D:6      | Noticed an angel
  6886 | D:6      | Found a glowing silver altar of Zin.
  6945 | Temple   | Entered the Ecumenical Temple
  6963 | Temple   | Became a worshipper of Warmaster Okawaru
  7144 | D:7      | Found a sacrificial altar of Ru.
  7199 | D:7      | Found Gaan's Magic Scroll Shoppe.
  7230 | D:7      | Found Juruaxyo's Magic Scroll Shop.
  7281 | D:7      | Found Enel's Food Shop.
  7396 | D:7      | Reached skill level 1 in Invocations
  7410 | D:7      | Reached skill level 1 in Evocations
  7565 | D:7      | Found a radiant altar of Vehumet.
  7613 | D:7      | Reached * piety under Okawaru
  7651 | D:7      | Found Hugoev's General Store.
  8119 | D:8      | Found a runed gate.
  8120 | D:8      | Found a runed gate.
  8120 | D:8      | Found a runed gate.
  8122 | D:8      | Noticed CaptBugsquash's ghost (novice MfVM)
  8201 | D:8      | Noticed a kobold demonologist
  8286 | D:7      | Reached XP level 10. HP: 60/63 MP: 11/11
  8307 | D:8      | Noticed a sun demon
  8311 | D:8      | Killed a kobold demonologist
  8311 | D:8      | Reached ** piety under Okawaru
  8311 | D:8      | Reached skill level 8 in Axes
  9198 | D:8      | Killed CaptBugsquash's ghost
  9198 | D:8      | Reached *** piety under Okawaru
 10065 | D:9      | Received a gift from Okawaru
 10321 | D:9      | Found a shattered altar of Ashenzari.
 10443 | D:9      | Found a basalt altar of Yredelemnul.
 10741 | D:10     | Entered Level 10 of the Dungeon
 10796 | D:10     | Reached **** piety under Okawaru
 10922 | D:10     | Reached skill level 9 in Axes
 10961 | D:10     | Reached XP level 11. HP: 64/68 MP: 14/14
 11737 | D:11     | Noticed a cyclops
 11866 | D:10     | Killed a cyclops
 12126 | D:11     | Noticed a green ugly thing
 12147 | D:11     | Killed a green ugly thing
 12147 | D:11     | Reached ***** piety under Okawaru
 12147 | D:11     | Reached skill level 5 in Invocations
 12259 | D:11     | Noticed an unseen horror
 12302 | D:11     | Killed an unseen horror
 12646 | D:11     | Noticed a manticore
 12684 | D:11     | Received a gift from Okawaru
 12695 | D:11     | HP: 3/69 [wight/spear (4)]
 12697 | D:11     | Killed a manticore
 13077 | D:11     | Found a staircase to the Lair.
 13799 | D:11     | Found Qyrynox's Distillery.
 14182 | Lair:1   | Entered Level 1 of the Lair of Beasts
 14207 | D:11     | Reached skill level 10 in Axes
 14711 | Lair:1   | Reached skill level 5 in Evocations
 14711 | Lair:1   | Reached XP level 12. HP: 34/76 MP: 16/16
 15495 | Lair:1   | Found a runed door.
 15760 | Lair:1   | Noticed Haldmier's ghost (novice DgTm)
 15786 | Lair:1   | Killed Haldmier's ghost
 16008 | Lair:2   | Received a gift from Okawaru
 16605 | Lair:2   | Reached skill level 11 in Axes
 16896 | Lair:2   | Reached skill level 10 in Armour
 16936 | Lair:2   | Reached ****** piety under Okawaru
 16936 | Lair:2   | Received a gift from Okawaru
 16937 | Lair:2   | Reached skill level 10 in Fighting
 16937 | Lair:2   | Reached skill level 10 in Shields
 16941 | Lair:2   | Reached XP level 13. HP: 72/82 MP: 18/18
 17048 | Lair:2   | Upgraded the game from 0.22.1 to 0.22.1-1-ga44c0e5
 17567 | Lair:2   | Found a staircase to the Shoals.
 19107 | Lair:3   | Found a hole to the Spider Nest.
 19806 | Lair:4   | Received a gift from Okawaru
 19870 | Lair:4   | Received a gift from Okawaru
 20030 | Lair:4   | Got a fine broad axe {god gift}
 20031 | Lair:4   | Identified the +1 broad axe of Crystal {holy, Str+4 Int+2
                  | Dex+4} (Okawaru gifted it to you on level 4 of the Lair of
                  | Beasts)
 20546 | Lair:4   | Reached skill level 12 in Axes
 21125 | Lair:5   | Noticed Rupert
 21126 | Lair:5   | Paralysed by Rupert for 5 turns
 21147 | Lair:4   | Killed Rupert
 21147 | Lair:4   | Received a gift from Okawaru
 21402 | Lair:5   | Identified a scroll of acquirement
 21403 | Lair:5   | Got a steaming broad axe
 21404 | Lair:5   | Identified the +6 broad axe of Theory {holy, MR++} (You
                  | acquired it on level 5 of the Lair of Beasts)
 21665 | Lair:5   | Gained mutation: Your large and strong wings let you fly
                  | indefinitely. [Gargoyle growth]
 21665 | Lair:5   | Reached XP level 14. HP: 88/88 MP: 20/20
 21682 | Lair:5   | Splashed by an oklob plant's acid

Skill      XL: |  1  2  3  4  5  6  7  8  9 10 11 12 13 |
---------------+----------------------------------------+-----
Axes           | 2 3 4 5 6 7 9 10 11 12 | 12.2
Fighting       | 4 5 6 7 8 9 10 | 10.9
Armour         | 4 5 6 7 8 9 10 | 10.9
Shields        | 4 5 6 7 8 9 10 | 10.9
Invocations    | 2 4 6 7 8 |  8.7
Evocations     | 2 3 5 6 7 |  7.1

Action                   |  1- 3 |  4- 6 |  7- 9 | 10-12 | 13-15 || total
-------------------------+-------+-------+-------+-------+-------++-------
Melee: War axe           |    64 |   168 |   599 |   999 |       ||  1830
       Hand axe          |       |       |       |    72 |   332 ||   404
       Morningstar       |       |       |       |       |    51 ||    51
       Broad axe         |       |       |       |       |    13 ||    13
 Fire: Hunting sling     |       |       |       |       |    11 ||    11
Throw: Javelin           |       |       |    15 |     4 |     4 ||    23
Invok: Heroism           |       |       |       |     6 |     5 ||    11
       Finesse           |       |       |       |     1 |       ||     1
  Use: Scroll            |       |       |    17 |     7 |     8 ||    32
  Eat: Chunk             |       |     4 |    11 |    19 |     8 ||    42
       Ration            |       |       |     3 |     3 |     2 ||     8
Armor: Scale mail        |    51 |    99 |    46 |       |       ||   196
       Plate armour      |       |       |   305 |   756 |   284 ||  1345
Dodge: Dodged            |    28 |    63 |   107 |   222 |   126 ||   546
Block: Shield            |    40 |    94 |   282 |   721 |   251 ||  1388
